 Dungeon Crawl Stone Soup version 0.21-a0-142-gdd972a7 (webtiles) character file.

497 tilp the Firebug (level 7, -6/52 HPs)
             Began as a Hill Orc Fire Elementalist on July 22, 2017.
             Was an Initiate of Okawaru.
             Shot with an arrow by a centaur (12 damage)
             ... on level 5 of the Dungeon.
             The game lasted 00:15:10 (4921 turns).

tilp the Firebug (Hill Orc Fire Elementalist)       Turns: 4921, Time: 00:15:10

Health: -6/52      AC:  6    Str: 11    XL:     7   Next: 16%
Magic:  7/10       EV: 11    Int: 17    God:    Okawaru [......]
Gold:   282        SH:  5    Dex: 11    Spells: 3/10 levels left

rFire    . . .     SeeInvis .   u - +0 war axe
rCold    . . .     Gourm    .   x - +2 buckler
rNeg     . . .     Faith    .   r - +0 leather armour
rPois    .         Spirit   .   l - +0 helmet
rElec    .         Reflect  .   j - +1 cloak
rCorr    .         Harm     .   (no gloves)
MR       .....                  (no boots)
Stlth    +.........             (no amulet)
HPRegen  0.17/turn              (no ring)
MPRegen  0.12/turn              (no ring)

@: no status effects
A: no striking features
a: Renounce Religion


You were on level 5 of the Dungeon.
You worshipped Okawaru.
Okawaru was noncommittal.
You were not hungry.

You visited 2 branches of the dungeon, and saw 6 of its levels.

You collected 282 gold pieces.

Inventory:

Hand Weapons
 f - a cursed -3 trident
 m - a +0 dagger
 s - a +0 battleaxe
 u - a +0 war axe (weapon)
Armour
 a - a +0 robe
 j - a +1 cloak (worn)
 l - a +0 helmet (worn)
 r - a +0 leather armour (worn)
 x - a +2 buckler (worn)
Scrolls
 e - 3 scrolls of enchant armour
 h - 2 scrolls of remove curse
 k - a scroll of blinking {unknown}
 n - 2 scrolls of teleportation
 y - a scroll of enchant weapon {unknown}
 B - a scroll of amnesia {unknown}
 C - a scroll of fear {unknown}
 E - 2 scrolls of immolation {unknown}
 F - a scroll of recharging {unknown}
Potions
 i - 2 potions of curing
 o - 3 potions of lignification
 p - a potion of agility
 q - 2 potions of haste
 v - a potion of brilliance {unknown}
 z - a potion of heal wounds {unknown}
 A - a potion of ambrosia {unknown}
 G - a potion of berserk rage {unknown}
 I - a potion of invisibility {unknown}
Books
 b - a book of Flames

   Spells                             Type                      Level
   a - Flame Tongue                   Conjuration/Fire             1
   b - Throw Flame                    Conjuration/Fire             2
   c - Conjure Flame                  Conjuration/Fire             3
   d - Inner Flame                    Hexes/Fire                   3
   e - Sticky Flame                   Conjuration/Fire             4
   f - Fireball                       Conjuration/Fire             5
 w - a book of Necromancy

   Spells                             Type                      Level
   a - Pain                           Necromancy                   1
   b - Animate Skeleton               Necromancy                   1
   c - Vampiric Draining              Necromancy                   3
   d - Regeneration                   Charms/Necromancy            3
   e - Animate Dead                   Necromancy                   4
   f - Control Undead                 Necromancy                   4
Comestibles
 c - 7 bread rations
 d - 9 fruits
 g - a meat ration
 D - a royal jelly


   Skills:
 + Level 1.3 Fighting
 + Level 3.0 Axes
 + Level 2.0 Dodging
 - Level 1.5 Stealth
 - Level 2.0 Spellcasting
 * Level 4.6 Conjurations
 * Level 5.5 Fire Magic


You had 3 spell levels left.
You knew the following spells:

 Your Spells              Type           Power        Failure   Level  Hunger
a - Flame Tongue          Conj/Fire      ###..        5%          1    #......
b - Throw Flame           Conj/Fire      ###...       8%          2    ###....
c - Animate Skeleton      Necr           N/A          38%         1    #......
d - Conjure Flame         Conj/Fire      ###.....     16%         3    ###....


Dungeon Overview and Level Annotations

Branches:
Dungeon (5/15)             Temple (1/1) D:4

Altars:
Ashenzari
Cheibriados
Elyvilon
Fedhas
Hepliaklqana
Kikubaaqudgha
Okawaru
Qazlal
Ru
Sif Muna
Uskayaw
Vehumet
Wu Jian
Yredelemnul
The Shining One

Annotations:
D:3 exclusion: oklob plant


Message History

Casting: Flame Tongue
Confirm with . or Enter, or press ? or * to list all spells.
Aiming: Flame Tongue
Press: ? - help, Shift-Dir - straight line, f/p - centaur
Aim: a centaur, wielding a shortbow (moderately wounded)
The flame tongue hits the centaur.
The centaur is heavily wounded.
The centaur shoots an arrow.
The arrow hits you!
* * * LOW HITPOINT WARNING * * *
Casting: Flame Tongue
Confirm with . or Enter, or press ? or * to list all spells.
Aiming: Flame Tongue
Press: ? - help, Shift-Dir - straight line, f/p - centaur
Aim: a centaur, wielding a shortbow (heavily wounded)
The flame tongue hits the centaur.
The centaur is almost dead.
The centaur shoots an arrow.
The arrow hits you!
* * * LOW HITPOINT WARNING * * *
The centaur shoots an arrow.
The arrow hits you!
You die...

#...........#....#
#.#####.##..#....# ##.#
#..#....# ...# ###
#..#....# #..# #.#
#..##'#.#
#..###.####..##.#.#########
##.........................
##..##.####..##.###....###
................@(.....+
##...#.......#####.c...#
##.#.#.#........##(##.##
...#...#........##.# .#
...##..#........##.. ..
...##..#........##... .#
.......#........##....##
..###..#........##.c..#
..####.#........##....#


You could see a centaur.

Vanquished Creatures
  An ice beast (D:5)
  A phantom (D:4)
  A crimson imp (D:5)
  An orc priest (D:4)
  2 hounds
  Terence (D:3)
  A worker ant (D:4)
  A hound skeleton (D:4)
  4 adders
  An ooze (D:1)
  2 worms (D:2)
  3 dart slugs
  4 leopard geckos
  4 orcs
  10 bats
  4 giant cockroaches
  5 goblins
  9 hobgoblins
  7 jackals
  3 quokkas (D:3)
  5 frilled lizards
  3 hobgoblin zombies (D:4)
  5 kobolds
  4 kobold skeletons (D:4)
  A kobold zombie (D:4)
  An orc skeleton (D:4)
  5 rats
89 creatures vanquished.

Vanquished Creatures (others)
  15 toadstools (D:3)
15 creatures vanquished.

Grand Total: 104 creatures vanquished

Notes
Turn   | Place    | Note
-------+----------+-------------------------------------------
     0 | D:1      | tilp the Hill Orc Fire Elementalist began the quest for the Orb.
     0 | D:1      | Reached XP level 1. HP: 14/14 MP: 3/3
     0 | D:1      | Noticed a minotaur skeleton
     0 | D:1      | Noticed a minotaur skeleton
     2 | D:1      | Noticed a gargoyle
     7 | D:1      | Noticed a spriggan
     9 | D:1      | Noticed a human
    15 | D:1      | Noticed a centaur
    19 | D:1      | Noticed an octopode
    22 | D:1      | Noticed a felid
   160 | D:1      | Reached XP level 2. HP: 17/20 MP: 0/5
   202 | D:1      | Learned a level 2 spell: Throw Flame
   803 | D:1      | Reached XP level 3. HP: 16/26 MP: 0/6
  1495 | D:2      | Reached XP level 4. HP: 33/33 MP: 4/7
  2309 | D:3      | Found a hide-covered altar of Uskayaw.
  2327 | D:3      | Reached skill level 4 in Fire Magic
  2396 | D:3      | Learned a level 1 spell: Animate Skeleton
  2529 | D:3      | Reached skill level 1 in Axes
  2598 | D:3      | Found a stormy altar of Qazlal.
  2602 | D:3      | Noticed Terence
  2631 | D:3      | Killed Terence
  2631 | D:3      | Reached XP level 5. HP: 15/38 MP: 5/8
  2657 | D:3      | Learned a level 3 spell: Conjure Flame
  3030 | D:3      | Found a blossoming altar of Fedhas.
  3056 | D:3      | Noticed an oklob plant
  3138 | D:4      | Found a glowing golden altar of the Shining One.
  3445 | D:4      | Noticed a phantom
  3471 | D:4      | Killed a phantom
  3471 | D:4      | Reached XP level 6. HP: 41/45 MP: 3/9
  3530 | D:4      | Reached skill level 5 in Fire Magic
  3675 | D:4      | Found a staircase to the Ecumenical Temple.
  3683 | Temple   | Entered the Ecumenical Temple
  4119 | D:4      | Found an iron altar of Okawaru.
  4205 | D:4      | Became a worshipper of Warmaster Okawaru
  4343 | D:5      | Entered Level 5 of the Dungeon
  4344 | D:5      | Noticed an ice beast
  4350 | D:5      | Killed an ice beast
  4350 | D:5      | Reached skill level 1 in Fighting
  4479 | D:5      | Found a radiant altar of Vehumet.
  4537 | D:5      | Reached XP level 7. HP: 30/52 MP: 5/10
  4921 | D:5      | Shot with an arrow by a centaur

Vault maps used:
D:1:      shiori_arrival_whats_in_store_for_you, corexii_item_surrounded_by_moat
D:2:      kennysheep_generic_room_6
D:3:      tgw_fedhas, eat_drink_and_be_merry_uskayaw, lemuel_crystal_altar,
          first_bread, uniq_terence
D:4:      nicolae_tso_besieged_by_evil, okawaru_gym_becter,
          minmay_temple_entry_water_ring
D:5:      nicolae_overflow_hidden_temple, kennysheep_mini_moat,
          nicolae_dithmenos_the_darkroom
Temple:   dpeg_three_leaves_temple

Skill      XL: |  1  2  3  4  5  6  7 |
---------------+----------------------+-----
Spellcasting   | 2 |  2.0
Conjurations   | 2 3 4 |  4.6
Fire Magic     | 4 5 |  5.5
Axes           | 1 2 3 |  3.0
Fighting       | 1 |  1.3
Dodging        | 2 |  2.0
Stealth        | |  1.5

Action                   |  1- 3 |  4- 6 |  7- 9 || total
-------------------------+-------+-------+-------++-------
Melee: Unarmed           |     1 |       |       ||     1
       Club              |    30 |       |       ||    30
       Dagger            |    35 |       |       ||    35
       Battleaxe         |       |    44 |       ||    44
       War axe           |       |   143 |    52 ||   195
Throw: Tomahawk          |       |     4 |     6 ||    10
 Cast: Flame Tongue      |    57 |    34 |     4 ||    95
       Throw Flame       |       |     5 |       ||     5
  Use: Scroll            |       |     7 |       ||     7
 Stab: Sleeping          |     2 |       |       ||     2
  Eat: Chunk             |     3 |     6 |       ||     9
       Royal jelly       |       |     1 |       ||     1
       Meat ration       |       |     1 |       ||     1
Armor: Robe              |    22 |    16 |       ||    38
       Leather armour    |       |    62 |    21 ||    83
Dodge: Dodged            |    58 |   145 |    22 ||   225
Block: Buckler           |       |    31 |    19 ||    50
